 Dungeon Crawl Stone Soup version 0.29.1-12-g30fa7ad0bf (webtiles) character file.

Game seed: 8941276801247191104

95 kingofthe the Magician (level 4, -1/24 HPs)
             Began as a Deep Elf Hedge Wizard on Jan 15, 2023.
             Slain by Sigmund
             ... wielding a +0 scythe
              (12 damage)
             ... on level 3 of the Dungeon.
             The game lasted 00:15:41 (3327 turns).

kingofthe the Magician (Deep Elf Hedge Wizard)      Turns: 3327, Time: 00:15:41

Health: -1/24      AC:  2    Str:  7    XL:     4   Next: 40%
Magic:  16/22      EV: 13    Int: 19    God:
Gold:   132        SH:  0    Dex: 16    Spells: 5/13 levels left

rFire   . . .      SeeInvis .   a - +2 dagger (pain)
rCold   . . .      Faith    .   (no shield)
rNeg    . . .      Spirit   .   b - +0 robe
rPois   .          Reflect  .   c - +0 hat
rElec   .          Harm     .   (no cloak)
rCorr   .          Rampage  .   (no gloves)
Will    .....                   (no boots)
Stlth   ++........              (no amulet)
HPRegen 0.08/turn               v - ring of magical power
MPRegen 0.18/turn               j - ring of wizardry

@: no status effects
A: no striking features
a: no special abilities


You were on level 3 of the Dungeon.
You visited 1 branch of the dungeon, and saw 3 of its levels.

You collected 132 gold pieces.

Inventory:

Hand Weapons
 a - a +2 dagger of pain (weapon)
 t - a +0 dagger
Armour
 b - a +0 robe (worn)
 c - a +0 hat (worn)
Jewellery
 h - a ring of fire
 j - a ring of wizardry (right hand)
 v - a ring of magical power (left hand)
 y - a ring of protection from cold
Scrolls
 e - a scroll of enchant weapon {unknown}
 f - a scroll of vulnerability {unknown}
 n - 2 scrolls of enchant armour {unknown}
 o - 3 scrolls of brand weapon {unknown}
 q - a scroll of amnesia {unknown}
 r - 4 scrolls of identify {unknown}
 u - a scroll of immolation {unknown}
 x - a scroll of teleportation {unknown}
Potions
 d - a potion of magic
 g - 2 potions of might {unknown}
 i - 3 potions of attraction {unknown}
 k - a potion of cancellation {unknown}
 l - a potion of mutation {unknown}
 m - a potion of ambrosia {unknown}
 p - a potion of heal wounds {unknown}
 s - a potion of lignification {unknown}
 w - a potion of brilliance {unknown}
 z - a potion of curing {unknown}


   Skills:
 * Level 4.0 Dodging
 - Level 3.0 Stealth
 + Level 5.1 Spellcasting
 + Level 2.2 Conjurations
 - Level 1.1 Summonings
 - Level 1.1 Translocations
 + Level 1.0 Fire Magic


You had 5 spell levels left.
You knew the following spells:

 Your Spells              Type           Power      Damage    Failure   Level
a - Magic Dart            Conj           52%        1d5       1%          1
b - Blink                 Tloc           18%        N/A       4%          2
c - Call Imp              Summ           9%         N/A       4%          2
d - Conjure Flame         Conj/Fire      11%        6-21      8%          3

Your spell library contained the following spells:

 Spells                   Type           Power      Damage    Failure   Level
 Slow                     Hex            16%        N/A       4%          1
 Mephitic Cloud           Conj/Pois/Air  7%         N/A       11%         3
 Ozocubu's Armour         Ice            4%         N/A       16%         3
 Metabolic Englaciation   Hex/Ice        2%         N/A       77%         5
 Simulacrum               Ice/Necr       2%         N/A       99%         6


Dungeon Overview and Level Annotations

Branches:
Dungeon (3/15)

Altars:

Shops:
D:1 :   D:3 (

Annotations:
D:3 1 runed translucent door, exclusion: door, Crazy Yiuf, Sigmund


Message History

Casting: Magic Dart (safe; 1% risk of failure)
Confirm with . or Enter, or press ? or * to list all spells.
Okay, then.
The magic dart hits the goblin.
The goblin is moderately wounded.
The magic dart hits the goblin.
You kill the goblin!
r - 4 scrolls labelled HUCOWNITWIYC (gained 1)
You open the door.
There is an open door here.
You open the door.
A rat and an endoplasm come into view.
Found a leather armour and 10 gold pieces.
The magic dart hits the endoplasm.
The endoplasm is severely wounded.
The endoplasm quivers.
The magic dart hits the endoplasm.
You kill the endoplasm!
A rat is nearby!
There is an open door here.
The magic dart hits the rat.
You kill the rat!
You see here a rat corpse.
You now have 132 gold pieces (gained 10).
There is an open door here.
There is a stone staircase leading down here.
Partly explored, can't reach some places.
Casting: Magic Dart (safe; 1% risk of failure)
Confirm with . or Enter, or press ? or * to list all spells.
The spell is quite dangerous to miscast (8% risk of failure)!
Continue anyway?
The fire begins to smoulder!
Sigmund shouts!
Casting: Conjure Flame (quite dangerous; 8% risk of failure)
Confirm with . or Enter, or press ? or * to list all spells.
The spell is quite dangerous to miscast (8% risk of failure)!
Continue anyway?
The fire ignites!
You are engulfed in blazing flames.
Ouch! That really hurt!
Sigmund hits you from afar with a +0 scythe!
Ouch! That really hurt!
You die...

##.# #.################ ##.#
#................#
##.#######.######.........#######
.............#...................
.#.#######>.....#.############...
.#.#............#.# #..)
.#.#.#####.#.#..#@# #...
.#.#.........#..#.#### #...
.#.#.#####...#..@....# ###...
##.#............#.##..# #.....
#......#####.#....# ######
...#.#.#####...####### #≈≈≈§§
#.##.#.....(.........#######≈≈.§§
#.##.#.#####...............#≈.[#†
#.##.#.# ###.......#####.'..###
#.##.#.# #.#...........#≈..#.
#.##.#.#######.#.....#######≈§...


You could see Sigmund.

Vanquished Creatures
  An orc priest (D:3)
  2 orcs (D:3)
  4 endoplasms
  4 giant cockroaches
  8 goblins
  6 hobgoblins
  7 kobolds
  4 quokkas
  5 bats
  4 frilled lizards
  6 rats
51 creatures vanquished.

Vanquished Creatures (collateral kills)
  A worm (D:2)
  A giant cockroach (D:1)
2 creatures vanquished.

Grand Total: 53 creatures vanquished

Notes
Turn   | Place    | Note
-------+----------+-------------------------------------------
     0 | D:1      | kingofthe the Deep Elf Hedge Wizard began the quest for the
                  | Orb.
     0 | D:1      | Reached XP level 1. HP: 10/10 MP: 7/7
    82 | D:1      | Found Nydis's Book Shop.
   219 | D:1      | Reached XP level 2. HP: 15/15 MP: 3/9
   632 | D:1      | Learned a level 2 spell: Blink
   670 | D:1      | Learned a level 2 spell: Call Imp
   938 | D:1      | Reached XP level 3. HP: 17/19 MP: 1/11
  1181 | D:1      | Learned a level 3 spell: Conjure Flame
  2406 | D:3      | Reached skill level 5 in Spellcasting
  2406 | D:3      | Reached XP level 4. HP: 24/24 MP: 4/13
  2524 | D:3      | Reached skill level 1 in Fire Magic
  2556 | D:3      | Noticed Sigmund
  2845 | D:3      | Found Berie's Weapon Shop.
  2857 | D:3      | Found a runed translucent door.
  2858 | D:3      | Noticed Crazy Yiuf
  3327 | D:3      | Slain by Sigmund

Illustrated notes

Levels and vault maps discovered:
D:1:      amcnicky_arrival_feature_with_door, layout_rooms, serial_shops, shop,
          chequers_jeans
D:2:      layout_loops_cross
D:3:      layout_basic, serial_shops, shop, kennysheep_generic_room_8,
          uniq_crazy_yiuf_cottage, uniq_sigmund

Skill      XL: |  1  2  3  4 |
---------------+-------------+-----
Dodging        | 3 4 |  4.0
Stealth        | 3 |  3.0
Conjurations   | 2 |  2.2
Spellcasting   | 5 |  5.1
Fire Magic     | 1 |  1.0
Summonings     | |  1.1
Translocations | |  1.1

Action                   |  1- 3 |  4- 6 || total
-------------------------+-------+-------++-------
Melee: Dagger            |    24 |       ||    24
 Cast: Magic Dart        |   126 |    13 ||   139
       Call Imp          |     2 |       ||     2
       Conjure Flame     |       |     2 ||     2
Armor: Robe              |    13 |       ||    13
Dodge: Dodged            |    44 |       ||    44
